Map: Kairos Junction LE

Players

TLO

  • Race: Zerg Zerg
  • Spawn Location: 11:00

aLive - Winner!

  • Race: Terran Terran
  • Spawn Location: 5:00

Event: IEM Season 13: Katowice (2019)

VOD

Have the link to the VOD?

Description

Time

  • Played on: Feb. 25, 2019, 9:04 a.m.
  • Length: 5:12

All games in this series

Show
View Real Time Build Order
Export as new Build Order

TLO Zerg 

Build Orders: Hatch First, Ravager All-In 

Get SALT Encoding   

  12  0:00  Drone  
  13  0:08  Drone  
  14  0:16  Overlord  
  14  0:35  Drone x3  
  17  0:54  Hatchery  
  17  0:56  Drone  
  17  1:00  Drone  
  18  1:11  Extractor  
  17  1:14  Spawning Pool  
  17  1:18  Drone  
  17  1:21  Drone  
  18  1:29  Drone  
  19  1:39  Overlord  
  19  2:01  Queen  
  19  2:02  Zergling x2  
  19  2:06  Queen, Zergling x2  
  25  2:14  Extractor  
  24  2:17  Drone  
  24  2:18  Drone  
  26  2:23  Roach Warren  
  24  2:30  Metabolic Boost  
  24  2:41  Queen  
  25  3:01  Overlord  
  25  3:03  Roach x2  
  29  3:07  Roach  
  31  3:14  Overlord  
  31  3:23  Ravager x2  
  33  3:27  Ravager  
  33  3:28  Zergling x2  
  33  3:31  Roach  
  37  3:40  Roach  
  39  3:43  Zergling x2  
  39  3:46  Zergling x2  
  41  3:52  Ravager, Zergling x2  
  43  3:58  Roach  
  43  4:20  Overlord  
  43  4:25  Overlord  
  42  4:31  Zergling x2  
  42  4:33  Zergling x2  
  44  4:39  Ravager  
  44  4:40  Zergling x8  
  44  4:45  Zergling x2  
  50  4:47  Zergling x2  
  50  4:52  Zergling x2  
  52  4:54  Ravager  
Show
View Real Time Build Order
Export as new Build Order

aLive Terran - Winner!

Build Orders: Gas First Reaper Expand 

Get SALT Encoding   

  12  0:00  SCV  
  13  0:12  SCV  
  14  0:17  Supply Depot  
  14  0:24  SCV  
  14  0:28  Refinery  
  15  0:38  SCV  
  16  0:44  Barracks  
  16  0:50  SCV  
  17  1:03  SCV  
  18  1:15  SCV  
  19  1:31  Reaper, Orbital Command  
  20  1:43  Command Center  
  20  1:54  Factory  
  20  1:57  SCV  
  21  2:05  Barracks Reactor  
  21  2:12  SCV, Supply Depot  
  22  2:20  Refinery  
  22  2:24  Bunker  
  22  2:26  SCV  
  23  2:37  Factory Tech Lab  
  23  2:38  SCV  
  23  2:41  Marine x2  
  26  2:50  SCV  
  27  2:55  Orbital Command  
  27  2:59  Siege Tank  
  30  3:06  Marine  
  30  3:07  Marine  
  30  3:08  SCV  
  33  3:14  Bunker  
  33  3:21  SCV  
  34  3:27  Marine x2  
  34  3:31  Supply Depot  
  36  3:34  Siege Tank  
  36  3:40  SCV x2  
  41  3:53  SCV x2  
  41  3:54  Supply Depot  
  43  4:00  Starport  
  43  4:05  SCV x2  
  43  4:08  Bunker  
  45  4:10  Siege Tank  
  45  4:22  Marine x2  
  47  4:26  Bunker  
  47  4:29  SCV x2  
  52  4:39  Starport Tech Lab  
  52  4:41  Marine x2  
  54  4:48  SCV x2  
  56  4:57  Supply Depot  

Tags
 
Add a new tag
Caveats
  • Supply blocks, unpowered buildings, or Contaminate may cause inaccurate times.
  • Supply counts are checked every 10 seconds.